Map: Port Aleksander LE

Players

liquidthermy (uThermal) - Winner!

  • Race: Terran Terran
  • League: Master
  • Spawn Location: 11:00

ShoWTimE

  • Race: Protoss Protoss
  • League: Grandmaster
  • Spawn Location: 5:00

Event: IEM Season 13 - Katowice Server Qualifiers Europe

VOD

Have the link to the VOD?

Description

Time

  • Played on: Jan. 8, 2019, 1:33 p.m.
  • Length: 9:45

All games in this series

Show
View Real Time Build Order
Export as new Build Order

liquidthermy Terran - Winner!

Build Orders:  

Get SALT Encoding   

  12  0:01  SCV  
  13  0:13  SCV  
  14  0:18  Supply Depot  
  14  0:25  SCV  
  15  0:28  Refinery  
  15  0:39  SCV  
  16  0:45  Barracks  
  16  0:51  SCV  
  17  1:03  SCV  
  18  1:16  SCV  
  19  1:32  Marine  
  20  1:33  Factory, Orbital Command  
  20  1:42  Supply Depot  
  20  1:50  Barracks Reactor  
  20  1:58  SCV  
  21  2:09  Command Center  
  21  2:10  SCV  
  22  2:22  SCV  
  23  2:25  Supply Depot  
  23  2:29  Hellion x2  
  27  2:34  SCV  
  27  2:36  Refinery  
  28  2:47  SCV  
  28  2:50  Hellion x2  
  33  2:59  SCV, Starport  
  34  3:11  SCV  
  34  3:12  Widow Mine x2  
  39  3:20  Orbital Command  
  39  3:23  SCV  
  39  3:24  Marine  
  41  3:35  Medivac  
  41  3:37  Widow Mine x2  
  41  3:38  SCV  
  48  3:46  SCV  
  48  3:47  Barracks Tech Lab, Supply Depot  
  49  3:52  SCV  
  50  3:58  SCV  
  51  4:04  SCV  
  51  4:08  Marine, Stimpack  
  51  4:09  Factory Tech Lab  
  53  4:10  Barracks, SCV  
  53  4:15  Barracks  
  53  4:17  SCV  
  55  4:22  SCV  
  56  4:24  Viking  
  58  4:32  SCV  
  58  4:34  SCV, Engineering Bay  
  60  4:40  Factory Reactor, Supply Depot  
  60  4:41  Marine  
  60  4:43  Refinery  
  61  4:47  SCV  
  61  4:48  Supply Depot  
  62  5:02  SCV x2  
  62  5:03  Marine  
  62  5:05  Terran Infantry Weapons Level 1  
  65  5:07  Starport Reactor  
  65  5:09  Marauder  
  65  5:14  SCV x2  
  65  5:17  Marine  
  65  5:18  Marauder  
  65  5:19  Widow Mine  
  65  5:20  Marine  
  63  5:22  Widow Mine  
  63  5:26  SCV x2  
  63  5:27  Combat Shield  
  63  5:32  Marine  
  63  5:33  Barracks  
  63  5:34  Barracks  
  64  5:37  Marine  
  64  5:38  Missile Turret  
  64  5:40  Widow Mine  
  67  5:44  Widow Mine  
  67  5:46  Supply Depot  
  67  5:48  Marine, Refinery  
  67  5:49  Marine  
  71  5:52  Medivac  
  73  5:57  Supply Depot  
  73  5:58  Medivac  
  73  6:01  Marine, Supply Depot  
  73  6:03  Marine  
  77  6:06  Marine  
  77  6:08  Widow Mine  
  77  6:09  Concussive Shells  
  77  6:11  Widow Mine  
  82  6:13  Marine  
  82  6:14  Supply Depot  
  83  6:19  Marine  
  83  6:22  Marine, Barracks Tech Lab, Barracks Reactor  
  83  6:23  Supply Depot  
  83  6:24  Marine  
  86  6:28  Medivac  
  88  6:35  Marine  
  89  6:40  Marine  
  89  6:41  Marauder x2  
  89  6:43  Marine  
  89  6:44  Widow Mine x2  
  97  6:58  Command Center, Medivac  
  97  6:59  Marine x2, Terran Infantry Armor Level 1  
  101  7:01  Marine  
  101  7:02  Marine  
  101  7:04  Marine  
  101  7:06  Marine, Widow Mine  
  107  7:09  Widow Mine  
  107  7:14  Supply Depot  
  109  7:17  Marine  
  109  7:18  Supply Depot  
  110  7:23  Marine  
  110  7:26  Marauder, Ghost Academy  
  113  7:30  Marine  
  113  7:31  Marauder  
  113  7:35  Marine  
  113  7:36  Marauder  
  119  7:42  Marine  
  119  7:43  Marine  
  120  7:48  Marine  
  123  7:56  Ghost x3  
  127  8:04  Marine x2  
  129  8:06  Marine  
  129  8:11  Orbital Command  
  130  8:19  Medivac x2  
  134  8:22  Supply Depot  
  134  8:23  Marine  
  134  8:24  Marine, Ghost  
  138  8:27  Marine  
  138  8:32  Marine  
  138  8:33  Marauder  
  142  8:39  Supply Depot  
  142  8:41  Marine  
  143  8:50  Marine, Marauder  
  143  8:52  Marine  
  143  8:54  Marine  
  146  9:06  Marine  
  146  9:07  Marauder  
  115  9:23  Marine  
  107  9:27  Marine  
Show
View Real Time Build Order
Export as new Build Order

ShoWTimE Protoss 

Build Orders: 1 Gate Expand, Phoenix Opening 

Get SALT Encoding   

  12  0:00  Probe  
  13  0:12  Probe  
  14  0:17  Pylon  
  14  0:24  Probe  
  15  0:32  Probe  
  15  0:37  Gateway  
  15  0:40  Probe  
  16  0:47  Assimilator  
  17  0:51  Probe  
  18  1:03  Probe  
  19  1:15  Probe  
  20  1:24  Cybernetics Core  
  20  1:34  Nexus  
  20  1:37  Probe  
  21  1:43  Pylon  
  21  1:49  Probe  
  21  1:51  Assimilator  
  21  1:52  Adept  
  22  2:02  Probe  
  25  2:14  Probe  
  26  2:20  Adept  
  28  2:25  Stargate  
  28  2:26  Probe  
  29  2:35  Warp Gate  
  29  2:36  Probe  
  29  2:42  Probe  
  30  2:44  Probe  
  30  2:48  Adept  
  30  2:50  Probe  
  34  2:52  Probe  
  36  3:00  Probe  
  36  3:03  Phoenix  
  36  3:04  Probe  
  40  3:12  Probe  
  40  3:15  Pylon  
  40  3:17  Probe  
  40  3:18  Adept  
  44  3:27  Probe  
  44  3:30  Probe  
  44  3:31  Phoenix  
  48  3:39  Probe  
  49  3:44  Gateway  
  49  3:45  Gateway  
  49  3:46  Sentry  
  51  3:48  Probe  
  51  3:51  Probe  
  51  3:54  Pylon  
  53  4:03  Probe  
  54  4:11  Phoenix  
  54  4:12  Probe  
  54  4:15  Probe  
  54  4:16  Pylon  
  58  4:24  Probe, Shield Battery  
  58  4:27  Oracle  
  58  4:29  Nexus  
  58  4:30  Probe  
  60  4:37  Assimilator  
  63  4:39  Probe  
  63  4:40  Assimilator  
  64  4:48  Pylon  
  64  4:53  Probe x2  
  63  5:05  Probe x2  
  62  5:17  Probe x2  
  64  5:29  Protoss Ground Weapons Level 1, Forge, Probe x2  
  64  5:32  Twilight Council, Blink  
  66  5:37  Sentry  
  66  5:41  Probe  
  66  5:42  Probe  
  70  5:53  Gateway  
  70  5:54  Gateway  
  70  5:56  Gateway  
  70  5:58  Probe x2  
  70  5:59  Probe  
  70  6:01  Pylon  
  73  6:04  Gateway  
  73  6:05  Sentry, Gateway  
  73  6:08  Shield Battery  
  73  6:10  Probe  
  73  6:11  Probe  
  77  6:13  Probe  
  78  6:22  Probe  
  78  6:23  Probe  
  78  6:25  Probe  
  81  6:28  Pylon  
  81  6:31  Stalker x2  
  85  6:35  Probe x2  
  85  6:36  Stalker  
  85  6:37  Probe  
  90  6:43  Photon Cannon  
  91  6:47  Probe, Pylon  
  91  6:49  Pylon  
  91  6:51  Stalker x2  
  95  6:55  Pylon  
  95  6:57  Stalker  
  97  7:03  Stalker x2  
  97  7:04  Zealot  
  97  7:05  Probe  
  104  7:08  Stalker  
  104  7:14  Probe, Shield Battery, Protoss Ground Armor Level 1  
  104  7:15  Probe  
  108  7:16  Stalker  
  108  7:17  Probe  
  108  7:19  Charge  
  108  7:20  Stalker  
  113  7:24  Stalker  
  113  7:25  Stalker  
  113  7:28  Stalker  
  119  7:34  Pylon  
  119  7:42  Robotics Facility  
  119  7:46  Assimilator  
  119  7:47  Probe  
  119  7:48  Assimilator  
  120  8:01  Zealot x7, Pylon  
  120  8:03  Pylon  
  134  8:10  Pylon  
  134  8:14  Zealot, Pylon  
  134  8:15  Pylon  
  134  8:17  Pylon  
  136  8:24  Observer  
  133  8:33  Zealot x5  
  144  8:37  Zealot x3  
  150  8:42  Pylon  
  150  8:43  Immortal  
  154  8:54  Pylon  
  154  8:55  Zealot x5  
  164  9:05  Zealot x3  
  156  9:15  Zealot x5  
  105  9:25  Zealot  
  105  9:30  Zealot  
  72  9:33  Zealot  

Tags
 
Add a new tag
Caveats
  • Supply blocks, unpowered buildings, or Contaminate may cause inaccurate times.
  • Supply counts are checked every 10 seconds.